 Dungeon Crawl Stone Soup version 0.29-a0-231-g945431f764 (webtiles) character file.

Game seed: 14152914506592524151

2744 Hasart the Archer (level 9, -24/74 HPs)
             Began as a Demigod Hunter on Feb 28, 2022.
             Annihilated by a white ugly thing (33 damage)
             ... on level 7 of the Dungeon.
             The game lasted 00:15:05 (9138 turns).

Hasart the Archer (Demigod Hunter)                  Turns: 9138, Time: 00:15:06

Health: -24/74     AC:  8    Str: 13    XL:     9   Next: 18%
Magic:  0/11       EV: 18    Int: 13    God:
Gold:   185        SH:  0    Dex: 26    Spells: 8/8 levels left

rFire   . . .      SeeInvis .   a - +2 shortbow (elec)
rCold   . . .      Faith    .   (shield currently unavailable)
rNeg    . . .      Spirit   +   m - +0 swamp dragon scales
rPois   +          Reflect  .   (no helmet)
rElec   .          Harm     .   (no cloak)
rCorr   .          Rampage  .   h - +0 pair of gloves
Will    .....                   (no boots)
Stlth   +++.......              p - amulet of guardian spirit
HPRegen 0.22/turn               I - +4 ring of evasion
MPRegen 0.12/turn               (no ring)

@: no status effects
A: high MP 1, forlorn, divine attributes
a: no special abilities


You were on level 7 of the Dungeon.
You visited 1 branch of the dungeon, and saw 7 of its levels.
You also visited: Sewer and Ossuary.

You collected 297 gold pieces.
You spent 112 gold pieces at shops.

Inventory:

Hand Weapons
 a - a +2 shortbow of electrocution (weapon)
Armour
 d - a +3 leather armour
 h - a +0 pair of gloves (worn)
 m - +0 swamp dragon scales (worn)
Jewellery
 i - a ring of ice
 n - a ring of magical power
 o - a ring of poison resistance
 p - an amulet of guardian spirit (around neck)
 w - a ring of ice
 y - an amulet of magic regeneration
 I - a +4 ring of evasion (left hand)
Wands
 t - a wand of paralysis (4)
 K - a wand of flame (21)
Scrolls
 b - a scroll of identify
 c - 5 scrolls of blinking
 e - 2 scrolls of teleportation
 j - 2 scrolls of immolation
 l - 2 scrolls of enchant armour
 s - 2 scrolls of fog
 v - 3 scrolls of vulnerability
Potions
 f - 3 potions of ambrosia {unknown}
 g - 4 potions of brilliance
 k - 4 potions of haste
 q - 4 potions of curing
 r - 2 potions of lignification {unknown}
 u - 2 potions of resistance {unknown}
 z - 2 potions of flight {unknown}
 A - 2 potions of cancellation {unknown}
 C - 4 potions of might
 D - 4 potions of magic
 E - 2 potions of attraction {unknown}
 F - 3 potions of heal wounds
 G - 4 potions of invisibility


   Skills:
 + Level 5.2 Fighting
 * Level 8.1 Bows
 + Level 5.2 Dodging
 + Level 5.4 Stealth
 + Level 3.3 Evocations


You had 8 spell levels left.
You didn't know any spells.
Your spell library contained the following spells:

 Spells                   Type           Power      Damage    Failure   Level
 Apportation              Tloc           0%         N/A       56%         1
 Foxfire                  Conj/Fire      0%         2x1d4     56%         1
 Magic Dart               Conj           0%         1d3       56%         1
 Call Imp                 Summ           0%         N/A       71%         2
 Static Discharge         Conj/Air       0%         N/A       71%         2
 Conjure Flame            Conj/Fire      0%         6-21      90%         3
 Inner Flame              Hex/Fire       0%         N/A       90%         3
 Mephitic Cloud           Conj/Pois/Air  0%         N/A       90%         3
 Flame Wave               Conj/Fire      0%         2d4       100%        4
 Alistair's Intoxication  Tmut/Pois      0%         N/A       100%        5
 Lightning Bolt           Conj/Air       0%         1d11      100%        5
 Maxwell's Capacitive Co  Air            0%         ∞         100%        8


Dungeon Overview and Level Annotations

Branches:
Dungeon (7/15)             Temple (0/1) D:6           Sewer (visited)
Ossuary (visited)

Shops:
D:5 !?!

Annotations:
D:4 1 transporter


Innate Abilities, Weirdness & Mutations

You have an increased reservoir of magic. (+10% MP)
You shall have no god before yourself.
Your divine heritage dramatically boosts your attributes as you level up.


Message History

You shoot an arrow. The arrow hits the sky beast!
You kill the sky beast!
No target in view!
No target in view!
You see here a sky beast corpse.
You open the door.
A yak and a white ugly thing come into view.
Found an embroidered robe.
There are monsters nearby!
There are monsters nearby!
The white ugly thing gurgles horribly!
The yak bellows!
There is an open door here.
Press: ? - help, v - describe, . - travel, g - get item Item here: an embroidered robe.
The floor.
You close the door.
You open the door.
Press: ? - help, v - describe, . - travel
Here: a white ugly thing An open door.
Shoot: a) +2 shortbow (elec)
Press: ? - help, Q - select action, (/) - cycle Shift-Dir - straight line, f - white ugly thing
Aim: a white ugly thing (72% to hit)
You shoot an arrow.
The arrow barely misses the white ugly thing.
The white ugly thing trunk-slaps you. The white ugly thing freezes you!!
Unknown command.
Shoot: a) +2 shortbow (elec)
Press: ? - help, Q - select action, (/) - cycle Shift-Dir - straight line, f/p - white ugly thing
Aim: a white ugly thing (72% to hit)
You shoot an arrow.
The arrow closely misses the white ugly thing.
The arrow hits the yak!
The yak is moderately wounded.
The white ugly thing trunk-slaps you! The white ugly thing freezes you!!
* * * LOW HITPOINT WARNING * * *
The white ugly thing trunk-slaps you.
* * * LOW HITPOINT WARNING * * *
The white ugly thing freezes you!!
You die...

###..### ### ##..###.# .
#.# ##..###..# #.#
###.###...##...###.#.
.....................
.#...#####..#.....#######
###....# ###..#.#.#P...P#
# #(.#.# .##.#.#.#.###.#
#....#...##.#.@uY.#[+
##.....# #...#.#.###.#
#...#.#.# #.#.#.#P...P#
##...#..#. ...#.#.#######
##...#..##...#.#...
....#.#..#..# # .##
....#..###.# ..# †.#...##
## ### .##.#.#


You could see a white ugly thing and a yak.

Vanquished Creatures
  Maggie (D:7)
  2 sky beasts
  An orc warrior (D:7)
  2 black bears
  7 ogres
  A phantom (D:5)
  A centaur (D:6)
  A kobold brigand (Sewer)
  A bullfrog (D:7)
  A scorpion (D:6)
  A howler monkey (D:5)
  6 hounds
  2 jellies
  4 orc priests
  Jessica (D:3)
  An iguana (D:6)
  3 orc wizards
  3 mummies (Ossuary)
  12 gnolls
  7 river rats
  15 adders
  A shadow imp (D:6)
  6 adder zombies (Ossuary)
  3 worms
  A dart slug (D:1)
  19 orcs
  4 bats
  4 endoplasms
  2 giant cockroaches
  A gnoll zombie (Ossuary)
  6 goblins
  9 hobgoblins
  4 jackals (D:1)
  5 quokkas
  15 ball pythons
  6 frilled lizards
  2 goblin zombies (Ossuary)
  2 hobgoblin zombies (Ossuary)
  21 kobolds
  2 kobold zombies (Ossuary)
  2 quokka zombies (Ossuary)
  37 rats
  3 rat zombies (Ossuary)
228 creatures vanquished.

Notes
Turn   | Place    | Note
-------+----------+-------------------------------------------
     0 | D:1      | Hasart the Demigod Hunter began the quest for the Orb.
     0 | D:1      | Reached XP level 1. HP: 17/17 MP: 3/3
    12 | D:1      | Reached skill level 1 in Stealth
   221 | D:1      | Reached XP level 2. HP: 24/24 MP: 4/4
   404 | D:1      | Reached skill level 4 in Bows
  1010 | D:1      | Reached XP level 3. HP: 29/29 MP: 5/5
  2570 | D:3      | Noticed an ogre
  2576 | D:3      | Killed an ogre
  2577 | D:3      | Reached XP level 4. HP: 37/37 MP: 6/6
  2577 | D:3      | Reached XP level 5. HP: 42/42 MP: 7/7
  2719 | D:3      | Noticed Jessica
  3603 | D:3      | Killed Jessica
  3604 | D:3      | Reached skill level 5 in Bows
  4215 | D:3      | Reached XP level 6. HP: 37/51 MP: 8/8
  4661 | D:4      | Found a transporter.
  4906 | D:4      | Noticed a wyvern
  4993 | D:4      | Reached XP level 7. HP: 57/57 MP: 9/9
  5024 | D:4      | Noticed a two-headed ogre
  5059 | D:5      | Entered Level 5 of the Dungeon
  5078 | D:5      | Reached skill level 6 in Bows
  5191 | D:5      | Found a sand-covered staircase.
  5202 | Ossuary  | Entered an ossuary
  5855 | D:5      | Found Zijog's Distillery.
  5858 | D:5      | Found Feig Qigaeps's Distillery.
  5864 | D:5      | Found Qochu's Magic Scroll Emporium.
  5869 | D:5      | Bought a potion of heal wounds for 70 gold pieces
  5869 | D:5      | Bought a potion of curing for 42 gold pieces
  5956 | D:5      | Reached skill level 1 in Evocations
  6287 | D:5      | Reached XP level 8. HP: 66/66 MP: 10/10
  6552 | D:6      | Reached skill level 7 in Bows
  6563 | D:6      | Found a glowing drain.
  6571 | Sewer    | Entered a sewer
  7167 | D:6      | Found a staircase to the Ecumenical Temple.
  7542 | D:6      | Reached skill level 5 in Stealth
  8734 | D:6      | Reached skill level 5 in Fighting
  8801 | D:7      | Reached skill level 5 in Dodging
  8863 | D:7      | Noticed Maggie
  8877 | D:7      | Killed Maggie
  8878 | D:7      | Reached skill level 8 in Bows
  8878 | D:7      | Reached XP level 9. HP: 47/74 MP: 11/11
  9131 | D:7      | Noticed a white ugly thing
  9138 | D:7      | Annihilated by a white ugly thing

Illustrated notes

Levels and vault maps discovered:
D:1:      dpeg_arrival_ratfight, layout_basic, minmay_box_of_dots
D:2:      layout_basic
D:3:      layout_basic, lemuel_crystal_altar,
          dreamdust_ecumenical_altar_statues, st_stairs_3, uniq_jessica
D:4:      layout_rooms, serial_rivers, chequers_serial_rivers_room_a,
          chequers_serial_rivers_room_b, chequers_serial_rivers_micro_a,
          chequers_serial_rivers_small_3, gammafunk_ghost_abyssal_escape,
          minmay_manual_monstrance
D:5:      layout_loops_ring, nicolae_ossuary_entry_monument,
          nicolae_wooded_promenade, nicolae_concentric_dashed_squares_mild
D:6:      layout_gridville, gammafunk_temple_overflow_statue,
          nicolae_ru_path_of_blood, temple_fountains, lightli_sewer_entry_pipes
D:7:      minmay_general_purpose_star, layout_layer_cave,
          minmay_shattered_shrine, uniq_maggie

Skill      XL: |  1  2  3  4  5  6  7  8 |
---------------+-------------------------+-----
Stealth        | 1 2 3 4 5 |  5.4
Fighting       | 2 3 4 5 |  5.2
Dodging        | 2 3 4 5 |  5.2
Bows           | 4 5 6 8 |  8.1
Evocations     | 1 3 |  3.3

Action                   |  1- 3 |  4- 6 |  7- 9 || total
-------------------------+-------+-------+-------++-------
Melee: Shortbow          |       |     2 |       ||     2
 Fire: Shortbow          |   135 |   193 |   431 ||   759
  Use: Scroll            |       |       |    18 ||    18
Armor: Leather armour    |    11 |    51 |    69 ||   131
       Swamp dragon scal |       |       |     4 ||     4
Dodge: Dodged            |    20 |   107 |   208 ||   335

Table legend: (Time is in decaauts)
 A = Elapsed time spent in this place.
 B = Non-inter-level travel time spent in this place.
 C = Inter-level travel time spent in this place.
 D = Time resting spent in this place.
 E = Time spent auto-exploring this place.
 F = Levels seen in this place.
 G = Mean time per level.
                   A        B        C        D        E       F      G
               +--------+--------+--------+--------+--------+-----+--------+
         Total |   9384 |   9092 |    292 |   1592 |   5551 |   9 | 1042.7 |
       Dungeon |   8432 |   8140 |    292 |   1386 |   5117 |   7 | 1204.6 |
         Sewer |    539 |    539 |      0 |      0 |    323 |   1 |  539.0 |
       Ossuary |    411 |    411 |      0 |    206 |    111 |   1 |  411.0 |
               +--------+--------+--------+--------+--------+-----+--------+

Top non-repeatable levels by time:
     D:2: 2157 daAuts
     D:6: 1825 daAuts
     D:3: 1465 daAuts
     D:1: 1059 daAuts
     D:5: 931 daAuts
   Sewer: 539 daAuts
     D:7: 497 daAuts
     D:4: 496 daAuts
 Ossuary: 411 daAuts
